AoeStats
← Predatory Shadow

Black Forest

509700913Analyzed
3v3 RM · 5d ago on Sep 27, 2026· 44m 8s· 6 players
Game mode
Random Map
Map size
Normal (6 player)
Population
200
Speed
Normal
Resources
Standard
Victory
Conquest
Starting age
Dark Age
Ending age
Imperial Age
RankedLock teamsTeams togetherTeam positionsShared explorationLock speedFull tech treeHidden civsTurbo modeCheats
Victory
Defeat
🇺🇸 Slavs · United States
1049
+14
🇹🇷 Celts · Türkiye
1025
+14
🇸🇪 Burgundians · Sweden
1024
+15
🇦🇷 Mongols · Argentina
1005
-15
🇦🇷 Byzantines · Argentina
997
-14
🇦🇷 Italians · Argentina
994
-14
Smet
1:21 Loom
6:22 Double-Bit Axe
14:08 Feudal Age
15:32 Bow Saw
22:04 Castle Age
19:58 Gold Mining
19:51 Fishing Lines
20:06 Horse Collar
21:21 Gillnets
22:44 Wheelbarrow
24:12 Two-Man Saw
24:18 Gold Shaft Mining
23:57 Town Watch
24:37 Forging
24:33 Scale Barding Armor
25:13 Stone Mining
26:09 Husbandry
25:32 Light Cavalry
26:14 Heavy Plow
26:48 Cavalier
28:34 Stone Shaft Mining
28:34 Crop Rotation
30:46 Burgundian Vineyards
32:32 Chain Barding Armor
32:47 Iron Casting
32:03 Fletching
34:52 Imperial Age
32:38 Hand Cart
35:17 Bodkin Arrow
35:23 Padded Archer Armor
36:14 Plate Barding Armor
36:40 Blast Furnace
36:08 Town Patrol
36:39 Conscription
36:18 Elite Coustillier
38:38 Ballistics
39:18 Chemistry
38:30 Masonry
38:02 Treadmill Crane
41:11 Hoardings
40:06 Sappers
40:49 Bracer
41:05 Leather Archer Armor
40:14 Elite Skirmisher
42:30 Hussar
42:30 Paladin
Ruxin
0:28 Loom
13:12 Feudal Age
13:17 Man-at-Arms
15:24 Scale Mail Armor
24:35 Castle Age
22:59 Horse Collar
24:10 Forging
25:37 Wheelbarrow
25:50 Gold Mining
27:05 Scale Barding Armor
27:19 Long Swordsman
30:01 Pikeman
37:49 Imperial Age
35:27 Fletching
38:08 Iron Casting
37:52 Double-Bit Axe
37:57 Two-Handed Swordsman
39:31 Halberdier
41:39 Blast Furnace
43:32 Druzhina
43:37 Champion
44:49 Hand Cart
i.yildirim35
4:46 Loom
8:56 Feudal Age
9:27 Double-Bit Axe
13:23 Fishing Lines
19:55 Gold Mining
23:22 Castle Age
22:45 Stone Mining
24:01 Gillnets
24:53 Stone Shaft Mining
24:55 Gold Shaft Mining
24:29 Scale Barding Armor
24:36 Forging
24:29 Scale Mail Armor
26:29 Iron Casting
26:27 Bow Saw
27:46 Wheelbarrow
27:27 Horse Collar
30:54 Imperial Age
28:44 Caravan
29:16 Hand Cart
29:18 Chain Mail Armor
31:07 Heavy Plow
31:20 Arson
31:21 Gambesons
31:06 Elite Woad Raider
32:18 Plate Mail Armor
32:49 Blast Furnace
34:17 Conscription
34:22 Town Watch
35:31 Town Patrol
Magic3arth
11:27 Feudal Age
15:02 Castle Age
14:47 Loom
15:30 Man-at-Arms
20:48 Double-Bit Axe
23:19 Fishing Lines
27:47 Gillnets
28:38 Pikeman
29:19 Squires
30:03 Treadmill Crane
30:19 Murder Holes
35:03 Imperial Age
33:11 Wheelbarrow
34:34 Forging
34:30 Scale Barding Armor
37:38 Bow Saw
37:20 Gold Mining
37:21 Stone Mining
37:23 Horse Collar
37:40 Elite Cataphract
39:26 Iron Casting
39:36 Chain Barding Armor
40:52 Two-Man Saw
42:02 Hand Cart
43:08 Gold Shaft Mining
Predatory Shadow
0:27 Loom
12:13 Feudal Age
13:48 Double-Bit Axe
19:14 Castle Age
17:40 Fishing Lines
20:14 Gillnets
22:02 Wheelbarrow
22:18 Bow Saw
22:57 Horse Collar
24:18 Treadmill Crane
24:51 Fortified Wall
24:37 Murder Holes
25:06 Ballistics
25:37 Gold Mining
25:37 Stone Mining
27:26 Caravan
28:42 Stone Shaft Mining
31:48 Imperial Age
29:37 Heavy Plow
30:08 Hand Cart
29:38 Town Watch
30:38 Fletching
30:48 Padded Archer Armor
30:58 Forging
30:48 Scale Mail Armor
31:04 Masonry
30:44 Heated Shot
30:57 Pikeman
31:38 Squires
30:59 Man-at-Arms
31:25 Arson
32:57 Silk Road
32:58 Conscription
33:18 Crop Rotation
33:49 Two-Man Saw
33:21 Elite Genoese Crossbowman
34:51 Iron Casting
34:31 Chain Mail Armor
34:11 Bodkin Arrow
34:22 Scale Barding Armor
35:21 Coinage
35:07 Guilds
35:39 Hoardings
37:29 Pirotechnia
38:03 Town Patrol
39:23 Blast Furnace
38:53 Plate Mail Armor
38:18 Bodkin Arrow
39:05 Architecture
39:37 Chemistry
38:42 Long Swordsman
39:29 Thumb Ring
38:45 Crossbowman
38:47 Elite Skirmisher
39:30 Husbandry
39:54 Bloodlines
39:04 Light Cavalry
41:41 Leather Archer Armor
ZZ4KI
7:50 Loom
12:13 Feudal Age
13:40 Wheelbarrow
12:58 Horse Collar
13:15 Double-Bit Axe
26:30 Castle Age
25:38 Man-at-Arms
29:36 Forging
29:57 Husbandry
31:22 Iron Casting
35:23 Hand Cart
36:58 Scale Barding Armor
Connection lost

Rejoining the realm…

Still unreachable

The connection could not be restored.

Session expired

The server has moved on; the page needs a fresh start.